Match 28620661
Unlisted

Match 28620661
End
Selects Italian Combined Arms Battlegroup
Selects Bersaglieri Squad
Bersaglieri Squad
Kradschützen Motorcycle Team
Bersaglieri Squad
Construct Light Support Kompanie
2.5-tonne Medical Truck
Panzerjäger Squad
Selects Bersaglieri Bolster
Fire Support Elements
le.IG 18 Mechanized Group
Combat Half-tracks
HulkSMASH
Ruby
The 2D Waifu Trafficker
我不會說中文
0
0

Comments sign in to comment!

No comments posted yet!